 Dungeon Crawl Stone Soup version bcrawl-1.12-8-g964540c432 (webtiles) character file.

Game seed: 9188701749256928232

8392 MisterOstroum the Destroyer (level 11, -7/88 HPs)
             Began as a Fairy Conjurer on June 10, 2019.
             Was a Follower of Sif Muna.
             Mangled by a tengu reaver
             ... wielding a +1 great mace of crushing
              (26 damage)
             ... on level 9 of the Dungeon.
             The game lasted 00:49:08 (9674 turns).

MisterOstroum the Destroyer (Fairy Conjurer)        Turns: 9674, Time: 00:49:08

Health: -7/88      AC:  9    Str:  6    XL:     11   Next: 30%
Magic:  11/27      EV: 17    Int: 23    God:    Sif Muna [*.....]
Gold:   617        SH: 13    Dex: 12    Spells: 10/30 levels left

rFire    . . .     SeeInvis +   J - +5 rapier (venom)
rCold    . . .     Gourm    .   m - +1 buckler
rNeg     . . .     Faith    .   (armour unavailable)
rPois    +         Spirit   .   (no helmet)
rElec    .         Reflect  .   F - +0 cloak
rCorr    .         Harm     .   x - +0 pair of gloves
MR       +....                  A - +0 pair of boots (curse)
Stlth    +.........             (no amulet)
HPRegen  0.24/turn              g - ring of poison resistance
MPRegen  0.20/turn              E - ring of see invisible

@: very slightly contaminated
A: small, magic attunement, unstealthy, unfitting armour, hooves 1, robust 1,
screaming 1, subdued magic 1, able to fly, AC/SH +6
a: Fly, Divine Energy, Renounce Religion


You were on level 9 of the Dungeon.
You worshipped Sif Muna.
Sif Muna was aware of your devotion.
You were not hungry.

You visited 2 branches of the dungeon, and saw 10 of its levels.

You collected 617 gold pieces.

Inventory:

Hand Weapons
 u - a +0 spear
 B - a +4 flail of protection
 J - a +5 rapier of venom (weapon)
Missiles
 b - 382 tomahawks
 k - 1033 stones (quivered)
Armour
 m - a +1 buckler (worn)
 x - a +0 pair of gloves (worn)
 A - a cursed +0 pair of boots (worn)
 F - a +0 cloak (worn)
Magical Staves
 G - an uncursed staff of air
Jewellery
 g - a ring of poison resistance (left hand)
 y - a +4 ring of strength
 E - a ring of see invisible (right hand)
Wands
 H - a wand of polymorph (12)
Scrolls
 a - 7 scrolls of identify {@r1}
 d - 4 scrolls of remove curse {@r2}
 f - a scroll of fear {!r}
 l - 2 scrolls of enchant weapon
 q - a scroll of enchant armour
Potions
 c - a potion of might {@q3 !q}
 h - a potion of mutation
 i - a potion of ambrosia
 j - a potion of haste {@q4 !q}
 n - 2 potions of degeneration
 o - a potion of agility {unknown}
 p - 2 potions of lignification
 r - a potion of brilliance {unknown}
 s - a potion of cancellation {unknown}
 t - a potion of invisibility {unknown}
 v - 3 potions of resistance
 w - a potion of heal wounds {unknown}
 z - 2 potions of flight {unknown}
 C - a potion of curing {@q1 !q}
Comestibles
 e - 13 rations {!d}


   Skills:
 + Level 9.0 Fighting
 - Level 5.1 Dodging
 - Level 1.5 Stealth
 - Level 5.6 Shields
 + Level 10.3 Spellcasting
 + Level 10.3 Conjurations
 + Level 1.7 Translocations
 + Level 5.7 Transmutations


You had 10 spell levels left.
You knew the following spells:

 Your Spells              Type           Power        Failure   Level  Hunger
a - Magic Dart            Conj           ####         1%          1    None
b - Searing Ray           Conj           #####.       1%          2    None
c - Iskenderun's Mystic   Conj           #####...     1%          3    None
d - Fulminant Prism       Conj/Hex       ####......   4%          4    None
e - Irradiate             Conj/Tmut      #####.....   4%          5    None
f - Blink                 Tloc           N/A          3%          2    None
g - Mephitic Cloud        Conj/Pois/Air  ###.....     3%          3    None

Your spell library contained the following spells:

 Spells                   Type           Power        Failure   Level  Hunger
 Conjure Flame            Conj/Fire      ####....     1%          3    None
 Slow                     Hex            #.......     4%          1    None
 Call Imp                 Summ           #.......     7%          2    None


Dungeon Overview and Level Annotations

Branches:
Dungeon (9/12)             Temple (1/1) D:7
   Lair: D:7-10         Orc: D:8-11

Altars:
Ashenzari
Cheibriados
Dithmenos
Elyvilon
Gozag
Kikubaaqudgha
Lugonu
Makhleb
Nemelex Xobeh
Okawaru
Qazlal
Ru
Sif Muna
Trog
Uskayaw
Wu Jian
Xom
Yredelemnul
Zin
The Shining One

Annotations:
D:7 2 runed doors, exclusion: orange crystal statue


Innate Abilities, Weirdness & Mutations

Your spells do not cause hunger and MP costs are reduced by 1.
Your bright wings attract enemies. (Stealth-)
You cannot fit into any form of body armour.
Your shimmering scales are hard and can block incoming attacks. (AC +6, SH +6)
You are small and have problems with some larger weapons.
You can fly continuously.
You have large cloven feet.
You are robust. (+10% HP)
You occasionally shout uncontrollably at your foes.
Your spells are a little easier to cast, but a little less powerful.


Message History

The searing ray hits the deep elf mage.
The deep elf mage is severely wounded. (Press . to maintain the ray.)
The deep elf mage barely misses you.
The centaur hits you from afar with a +2 trident of distortion.
Space warps horribly around you!!
Things that are here:
a +0 short sword; a cursed +0 plate armour; an orc corpse
Okay, then.
Okay, then.
Unknown command.
Unknown command.
Unknown command.
Casting: Searing Ray (safe; 1% risk of failure)
Confirm with . or Enter, or press ? or * to list all spells.
Aiming: Searing Ray (safe; 1% risk of failure)
Press: ? - help, Shift-Dir - straight line, f/p - centaur
Aim: a centaur, wielding a +2 trident of distortion The searing ray hits the deep elf mage.
The deep elf mage is almost dead. (Press . to maintain the ray.)
You block the centaur's attack.
The deep elf mage hits you with a +1 long sword of holy wrath.
The searing ray hits the deep elf mage.
You kill the deep elf mage!
Sif Muna accepts your kill.
You see here a book of Fire.
Sif Muna grants you a gift!
Your Fighting skill increases to level 9!
The centaur barely misses you.
A wight comes into view. It is wielding a +0 great sword.
The searing ray hits the centaur.
The centaur is moderately wounded.
The centaur hits you from afar with a +2 trident of distortion.
You feel strangely unstable.
The searing ray hits the centaur.
The centaur is almost dead.
The searing ray misses the wight.
You finish channeling your searing ray.
The centaur hits you from afar with a +2 trident of distortion!
Space warps horribly around you! You block the centaur's attack.
Okay, then.
Casting: Searing Ray (safe; 1% risk of failure)
Confirm with . or Enter, or press ? or * to list all spells.
Aiming: Iskenderun's Mystic Blast (safe; 1% risk of failure)
Press: ? - help, Shift-Dir - straight line, f/p - centaur
Aim: a centaur, wielding a +2 trident of distortion (almost dead)
The orb of energy hits the centaur.
You kill the centaur!
Sif Muna accepts your kill.
Casting: Iskenderun's Mystic Blast (safe; 1% risk of failure)
Confirm with . or Enter, or press ? or * to list all spells.
Aiming: Magic Dart (safe; 1% risk of failure)
Press: ? - help, Shift-Dir - straight line, f - wight
Aim: a wight, wielding a +0 scimitar and wearing a +0 robe The magic dart hits the wight.
The wight is lightly damaged.
Casting: Magic Dart (safe; 1% risk of failure)
Confirm with . or Enter, or press ? or * to list all spells.
Aiming: Magic Dart (safe; 1% risk of failure)
Press: ? - help, Shift-Dir - straight line, f/p - wight
Aim: a wight, wielding a +0 scimitar and wearing a +0 robe (lightly damaged)
The magic dart hits the wight.
The wight is lightly damaged.
Your surroundings suddenly seem different.
Put on which piece of jewellery? (? for menu, Esc to quit)
You're wearing all the rings you can.
Remove which one? (? for menu, Esc to cancel) < or
y - a +4 ring of strength; > or
E - a ring of see invisible You remove your +4 ring of strength.
You feel weaker.
g - a ring of poison resistance (left hand) Put on which piece of jewellery? (? for menu, Esc to quit)
Okay, then.
Unknown command.
Unknown command.
You start resting.
A yaktaur captain comes into view.
The yaktaur captain shouts!
The yaktaur captain wields a +0 arbalest.
The yaktaur captain shoots a bolt.
The bolt barely misses you.
Found a ration.
A wight comes into view. It is wielding a +2 short sword.
A wight comes into view. It is wielding a +1 dagger.
Okay, then.
The yaktaur captain shoots a bolt.
The bolt hits you!!
* * * LOW HITPOINT WARNING * * *
Found a scroll of identify.
You see here a scroll of fog {!r}.
A wight comes into view. It is wielding a +0 dagger.
The wight throws a stone.
The stone misses you.
The wight throws a stone.
You block the stone.
The tengu reaver shouts!
The tengu reaver mumbles some strange words.
A wight and a battlesphere come into view.
The wight throws a stone.
You block the stone.
The wight throws a stone.
The stone hits you.
* * * LOW HITPOINT WARNING * * *
You block the wight's attack.
The tengu reaver hits you with a +1 great mace of crushing!!
You die...

...........#....
......###..c....#... .....
#...?...÷... .....
#.......#..? ###...###
#.......#...
#≈≈...≈≈###..z....# ..
##≈..♣..≈##..z.##..#
##.........#.)..##..#####.
#...♣._.♣.....@.##....(...
#...y.........zQ##........
#.#≈..♣..≈#...z*..........
#≈≈.y.≈≈##....##########
###...###'..W.'.<...#
#.#........#....###.#.#
#...................#.#
###.............###.#.#
#######.......# #.#.#


You could see a tengu reaver, a yaktaur captain, a phantom, 4 wights and a
battlesphere.

Vanquished Creatures
  A two-headed ogre (D:8)
  A deep elf mage (D:9)
  A centaur skeleton (D:9)
  A queen bee (D:9)
  A troll (D:7)
  2 polar bears (D:8)
  A hornet (D:9)
  2 yaks
  Eustachio (D:6)
  3 vampire mosquitoes (D:9)
  A water moccasin (D:8)
  3 sky beasts
  5 ice beasts
  An orc warrior (D:9)
  A necrophage (D:8)
  2 phantoms
  7 ogres
  3 wolves (D:8)
  4 centaurs
  Blork the orc (D:6)
  A crocodile (D:5)
  4 bullfrogs
  2 scorpions
  17 killer bees (D:9)
  A water moccasin skeleton (D:3)
  3 howler monkeys (D:7)
  An electric eel (D:8)
  2 bullfrog zombies
  6 crimson imps
  2 centaur zombies
  A quasit (D:9)
  3 hounds
  3 orc priests
  2 jellies
  10 orc wizards
  3 worker ants
  A centaur simulacrum (D:8)
  A killer bee simulacrum (D:8)
  10 gnolls
  10 adders
  A shadow imp (D:7)
  3 white imps (D:8)
  A worker ant simulacrum (D:8)
  2 ufetubi (D:8)
  3 oozes
  2 adder zombies
  3 adder skeletons
  6 worms
  A dart slug (D:3)
  An adder simulacrum (D:8)
  3 leopard geckos
  15 orcs
  A ball python (D:3)
  2 giant cockroaches
  7 goblins
  10 hobgoblins
  8 jackals
  6 quokkas
  7 bats
  6 frilled lizards
  8 kobolds
  5 rats
  A fulminant prism (D:7)
227 creatures vanquished.

Vanquished Creatures (others)
  A worker ant simulacrum (D:8)
  13 fulminant prisms
14 creatures vanquished.

Grand Total: 241 creatures vanquished

Notes
Turn   | Place    | Note
-------+----------+-------------------------------------------
     0 | D:1      | MisterOstroum the Fairy Conjurer began the quest for the
                  | Orb.
     0 | D:1      | Reached XP level 1. HP: 11/11 MP: 6/6
   126 | D:1      | Reached skill level 5 in Conjurations
   165 | D:1      | Reached XP level 2. HP: 18/18 MP: 8/8
   626 | D:1      | Learned a level 2 spell: Searing Ray
   695 | D:1      | Reached XP level 3. HP: 22/22 MP: 7/9
   764 | D:1      | You fall through a shaft!
   933 | D:2      | Reached skill level 1 in Fighting
   976 | D:2      | Found a burning altar of Makhleb.
  1230 | D:2      | Reached skill level 1 in Shields
  1230 | D:2      | Reached XP level 4. HP: 28/28 MP: 11/11
  1331 | D:2      | Learned a level 3 spell: Iskenderun's Mystic Blast
  1763 | D:3      | Found a bloodstained altar of Trog.
  1869 | D:3      | Reached XP level 5. HP: 33/33 MP: 13/13
  2022 | D:3      | Noticed an ogre
  2130 | D:3      | Reached XP level 6. HP: 39/39 MP: 13/15
  2468 | D:3      | Reached skill level 5 in Spellcasting
  2732 | D:4      | Reached XP level 7. HP: 45/45 MP: 9/16
  3318 | D:5      | Entered Level 5 of the Dungeon
  3610 | D:5      | Reached XP level 8. HP: 50/52 MP: 4/17
  3925 | D:5      | Reached skill level 5 in Shields
  4426 | D:5      | Learned a level 4 spell: Fulminant Prism
  4432 | D:5      | Learned a level 5 spell: Irradiate
  5032 | D:6      | Noticed Blork the orc
  5035 | D:6      | Killed Blork the orc
  5035 | D:6      | Reached skill level 10 in Conjurations
  5035 | D:6      | Reached skill level 1 in Transmutations
  5035 | D:6      | Reached XP level 9. HP: 59/59 MP: 11/18
  5174 | D:6      | Reached skill level 5 in Fighting
  5324 | D:6      | Noticed Eustachio
  5334 | D:6      | Got a tattered robe
  5384 | D:6      | Killed Eustachio
  6000 | D:7      | Found a runed door.
  6008 | D:7      | Found the +10 large shield of Ignorance {rN+ Int-4}
  6013 | D:7      | Found a runed door.
  6013 | D:7      | Noticed an orange crystal statue
  6017 | D:7      | Noticed a white ugly thing
  6416 | D:7      | Noticed a cyclops
  6596 | D:8      | Gained mutation: Your spells are a little easier to cast,
                  | but a little less powerful. [potion of mutation]
  6596 | D:8      | Gained mutation: You have large cloven feet. [potion of
                  | mutation]
  6596 | D:8      | Gained mutation: You occasionally shout uncontrollably at
                  | your foes. [potion of mutation]
  6596 | D:8      | Gained mutation: You are robust. (+10% HP) [potion of
                  | mutation]
  6621 | D:8      | Noticed a polar bear
  6630 | D:8      | Killed a polar bear
  6971 | D:7      | Identified the +1 robe of the Onion {MR+ Dex+4} (You found
                  | it on level 6 of the Dungeon)
  7013 | D:7      | Reached XP level 10. HP: 60/74 MP: 12/22
  7143 | D:8      | Noticed a two-headed ogre
  7159 | D:8      | Killed a two-headed ogre
  7159 | D:8      | Reached skill level 5 in Dodging
  7159 | D:8      | Reached skill level 5 in Transmutations
  7571 | D:8      | Found an ancient bone altar of Kikubaaqudgha.
  8366 | D:7      | Found a staircase to the Ecumenical Temple.
  8385 | Temple   | Entered the Ecumenical Temple
  8524 | Temple   | Became a worshipper of Sif Muna the Loreminder
  8546 | D:7      | Learned a level 2 spell: Blink
  9013 | D:9      | Found a white marble altar of Elyvilon.
  9032 | D:9      | Reached skill level 10 in Spellcasting
  9272 | D:9      | Reached XP level 11. HP: 84/84 MP: 25/27
  9331 | D:9      | Reached * piety under Sif Muna
  9359 | D:9      | Reached skill level 1 in Translocations
  9577 | D:9      | Learned a level 3 spell: Mephitic Cloud
  9578 | D:9      | Noticed a tengu reaver
  9593 | D:9      | Noticed a deep elf mage
  9613 | D:9      | Killed a deep elf mage
  9613 | D:9      | Received a gift from Sif Muna
  9641 | D:9      | Noticed a yaktaur captain
  9674 | D:9      | Mangled by a tengu reaver

Skill      XL: |  1  2  3  4  5  6  7  8  9 10 11 |
---------------+----------------------------------+-----
Conjurations   | 5 6 7 8 10 | 10.3
Spellcasting   | 3 4 5 7 10 | 10.3
Fighting       | 1 2 3 4 6 8 9 |  9.0
Shields        | 1 2 3 4 5 |  5.6
Transmutations | 1 4 5 |  5.7
Dodging        | 4 5 |  5.1
Translocations | 1 |  1.7
Stealth        | |  1.5

Action                   |  1- 3 |  4- 6 |  7- 9 | 10-12 || total
-------------------------+-------+-------+-------+-------++-------
Melee: Hand axe          |     2 |       |       |       ||     2
       Spear             |       |     2 |     3 |       ||     5
       Rapier            |       |       |    17 |     2 ||    19
       Unarmed           |       |       |    12 |       ||    12
       Kick              |       |       |       |     1 ||     1
 Cast: Magic Dart        |    67 |    76 |    90 |    83 ||   316
       Searing Ray       |     5 |       |    16 |    20 ||    41
       Iskenderun's Myst |       |    23 |    91 |    75 ||   189
       Irradiate         |       |       |     4 |    11 ||    15
       Fulminant Prism   |       |       |     9 |     5 ||    14
       Blink             |       |       |       |     1 ||     1
Invok: Divine Energy     |       |       |       |     1 ||     1
       Stop Divine Energ |       |       |       |     1 ||     1
 Abil: Stop Flying       |     1 |       |       |       ||     1
  Use: Scroll            |       |       |     9 |       ||     9
       Potion            |       |       |     9 |       ||     9
  Eat: Chunk             |     1 |     4 |    11 |     4 ||    20
       Ration            |       |       |     1 |     1 ||     2
Armor: Skin              |     1 |     4 |    51 |    21 ||    77
Dodge: Dodged            |    13 |     6 |    72 |    76 ||   167
Block: Other             |     6 |       |     7 |       ||    13
       Buckler           |       |     3 |    78 |   104 ||   185
